[Event "Titled Tuesday Blitz September 27 Early 2022"]
[White "Kislov, Oleg"]
[Black "Baskakov, Egor"]
[WhiteFideId "13503774"]
[BlackFideId "24197866"]
[WhiteElo "2185"]
[BlackElo "2211"]
[Result "1/2-1/2"]
[Round "08"]
[TimeControl "180+1"]
[Date "2022.09.27"]
[WhiteClock "0:00:07"]
[BlackClock "0:01:00"]

1. e4 c5 2. Nf3 Nf6 3. e5 Nd5 4. Nc3 e6 5. Nxd5 exd5 6. c3 Nc6 7. d4 d6 8. Bb5 Be7 9. exd6 Bxd6 10. Qe2+ Be6 11. dxc5 Bxc5 12. Be3 Qb6 13. Bxc5 Qxc5 14. O-O O-O 15. Rad1 Bg4 16. Bxc6 bxc6 17. Qe3 Qa5 18. a3 Rfe8 19. Qd3 Bxf3 20. Qxf3 Qb5 21. Rd2 Re4 22. Rfd1 Rae8 23. h3 h6 24. Kh2 a5 25. g3 Re1 26. Rxe1 Rxe1 27. Qg2 a4 28. f4 Qc4 29. Qf2 Qe4 30. Qg2 f5 31. Rf2 Kf7 32. g4 g6 33. gxf5 gxf5 34. Rf3 Re2 35. Rf2 Re3 36. h4 Qd3 37. h5 Qe4 38. Qg6+ Ke7 39. Qg7+ Kd8 40. Qxh6 Kc7 41. Qg7+ Kb8 42. Qf8+ Kc7 43. Qg7+ Kc8 44. h6 Re1 45. Qf8+ Kc7 46. Qg7+ Kc8 47. Qf8+ Kc7 48. Qg7+ Kc8 1/2-1/2


[Site "https://www.chess.com"]

[Event "Titled Tuesday Blitz September 27 Early 2022"]
[White "Kodinets, Konstantin L."]
[Black "Narayanan, Srinath"]
[WhiteFideId "4122011"]
[BlackFideId "5018420"]
[WhiteElo "2679"]
[BlackElo "2790"]
[Result "1-0"]
[Round "08"]
[TimeControl "180+1"]
[Date "2022.09.27"]
[WhiteClock "0:00:23"]
[BlackClock "0:00:13"]

1. d4 f5 2. Nf3 Nf6 3. Bf4 g6 4. h3 Bg7 5. e3 O-O 6. Be2 d6 7. O-O Nbd7 8. c4 h6 9. Nc3 b6 10. b4 Bb7 11. Bh2 g5 12. c5 Kh7 13. Qb3 Ne4 14. Nxe4 fxe4 15. Nd2 Rb8 16. Qc2 bxc5 17. bxc5 Kh8 18. c6 Ba8 19. cxd7 Qxd7 20. Rac1 c5 21. dxc5 Rb2 22. c6 Qe8 23. Qd1 Bxc6 24. Bc4 Ba4 25. Bb3 Rxa2 26. Bxa4 Rxa4 27. Rc7 Ra2 28. Nxe4 a5 29. Qd5 Ra4 30. Rfc1 Qd8 31. Bg3 Rb4 32. Qe6 Qa8 33. Rxe7 a4 34. Rcc7 Rg8 35. Bxd6 a3 36. Rxg7 Rxg7 37. Be5 1-0


[Site "https://www.chess.com"]

[Event "Titled Tuesday Blitz September 27 Early 2022"]
[White "Korelskiy, Egor"]
[Black "Sadilek, Peter"]
[WhiteFideId "34329064"]
[BlackFideId "1616439"]
[WhiteElo "2071"]
[BlackElo "2145"]
[Result "1-0"]
[Round "08"]
[TimeControl "180+1"]
[Date "2022.09.27"]
[WhiteClock "0:00:51"]
[BlackClock "0:00:07"]

1. e4 g6 2. d4 Bg7 3. Nc3 d6 4. g3 c6 5. a4 Nf6 6. Bg2 O-O 7. h3 e5 8. Be3 a5 9. Nge2 Na6 10. O-O Nb4 11. Qd2 Be6 12. Rfd1 Bc4 13. b3 Ba6 14. f4 exf4 15. Nxf4 Re8 16. Qf2 Qe7 17. Re1 Qc7 18. Rad1 b6 19. Kh2 Bb7 20. e5 dxe5 21. dxe5 Rxe5 22. Bxb6 Qe7 23. Bd4 Rxe1 24. Rxe1 Qd7 25. Be5 Re8 26. Rd1 Qf5 27. Bd4 Nxc2 28. g4 Qg5 29. Bxf6 Bxf6 30. Ne4 Rxe4 31. Bxe4 Be5 32. Kg3 Nd4 33. Rxd4 c5 34. Rc4 Bc8 35. Qf3 f5 36. Bd5+ Kg7 37. h4 Bxf4+ 38. Qxf4 Qxf4+ 39. Kxf4 fxg4 40. Rxc5 Kf6 41. Rxc8 1-0


[Site "https://www.chess.com"]

[Event "Titled Tuesday Blitz September 27 Early 2022"]
[White "Kosakowski, Jakub"]
[Black "Piesik, Piotr"]
[WhiteFideId "1185080"]
[BlackFideId "1136194"]
[WhiteElo "2840"]
[BlackElo "2686"]
[Result "1-0"]
[Round "08"]
[TimeControl "180+1"]
[Date "2022.09.27"]
[WhiteClock "0:00:04"]
[BlackClock "0:00:02"]

1. Nf3 g6 2. e4 Bg7 3. d4 c6 4. h3 d6 5. Bc4 Nf6 6. Qe2 O-O 7. e5 Nd5 8. O-O dxe5 9. dxe5 Nc7 10. Rd1 Qe8 11. Nc3 Be6 12. Ne4 Nd7 13. Bf4 Bxc4 14. Qxc4 Ne6 15. Bg3 Nb6 16. Qe2 Rd8 17. c4 Rxd1+ 18. Rxd1 Qc8 19. b3 Rd8 20. Rxd8+ Qxd8 21. Qe3 h6 22. h4 a5 23. Kh2 a4 24. Nc5 Nxc5 25. Qxc5 axb3 26. axb3 e6 27. Qa5 Qc7 28. Bf4 Kh7 29. b4 c5 30. bxc5 Nd5 31. Qxc7 Nxc7 32. Nd4 g5 33. hxg5 hxg5 34. Bg3 Na6 35. c6 bxc6 36. Nxc6 Nc5 37. f3 Nd3 38. Kg1 Nb2 39. c5 Nd3 40. Nd8 Nxe5 41. c6 Nc4 42. c7 Bd4+ 43. Kf1 Nb6 44. Nxf7 Nc8 45. Nxg5+ Kg6 46. Nxe6 Bb6 47. Ke2 Kf5 48. Nd8 Ne7 49. Bd6 Nc8 50. g4+ Kf6 51. Bg3 Ke7 52. Nc6+ Kd7 53. Nb4 Bxc7 54. Bxc7 Kxc7 55. Ke3 Kd6 56. Kf4 Ke6 57. Nd3 Nd6 58. Nc5+ Kf7 59. Ne4 Nc4 60. Kg5 Ne3 61. f4 Ke6 62. Ng3 Kd5 63. f5 Ke5 64. Nh5 Nc4 65. Nf4 Nd2 66. Ng6+ Kd6 67. Kf4 Nc4 68. g5 Nb6 69. Kg4 Nd5 70. Nh4 Ne3+ 71. Kf4 Nd5+ 72. Ke4 Nc3+ 73. Kd3 Nd5 74. Kd4 Nf4 75. Ke4 Nd5 76. g6 Nc3+ 77. Kd3 Nd5 78. Kd4 Nf6 79. Nf3 Ke7 80. Ke5 Nd7+ 81. Kf4 Kf6 82. Nh2 Kg7 83. Ng4 Nc5 84. Ke5 Nd3+ 85. Ke4 Nc5+ 86. Kd5 Nb7 87. Ne5 Kf6 88. Nd7+ Kg7 89. Ke6 Nd8+ 90. Kd6 Nb7+ 91. Ke7 Na5 92. f6+ Kxg6 93. Ne5+ Kf5 94. f7 1-0


[Site "https://www.chess.com"]

[Event "Titled Tuesday Blitz September 27 Early 2022"]
[White "Kostiukov, Alexandr"]
[Black "De Souza, Cristiano Gomes"]
[WhiteFideId "14108100"]
[BlackFideId "2151758"]
[WhiteElo "2202"]
[BlackElo "2068"]
[Result "1-0"]
[Round "08"]
[TimeControl "180+1"]
[Date "2022.09.27"]
[WhiteClock "0:01:32"]
[BlackClock "0:01:59"]

1. g3 Nf6 2. Bg2 g6 3. Nf3 Bg7 4. O-O O-O 5. c4 Nc6 6. d4 d6 7. Nc3 Bf5 8. Nh4 Bd7 9. e4 e5 10. d5 Nd4 11. h3 Nh5 12. Nf3 Nxf3+ 13. Qxf3 f5 14. exf5 Rxf5 15. Qe2 Rf7 16. Ne4 Nf6 17. Ng5 Re7 18. Bd2 h6 19. Ne4 Nxe4 20. Qxe4 Bf5 21. Qe2 h5 22. g4 hxg4 23. hxg4 Bd7 24. Be4 Qe8 25. f3 Kf7 26. Bg5 Bf6 27. Qe3 Qh8 28. Kg2 Qg7 29. Rh1 Rh8 30. Rxh8 Qxh8 31. Rh1 Qg7 32. Rh6 Re8 33. Rxg6 Qxg6 34. Bxg6+ Kxg6 35. Bxf6 Kxf6 36. Qh6+ Ke7 37. Qh7+ Kd8 38. Qf7 Re7 39. Qf6 Ke8 40. g5 Rf7 41. Qh8+ Ke7 42. g6 1-0


[Site "https://www.chess.com"]

[Event "Titled Tuesday Blitz September 27 Early 2022"]
[White "Lahdelma, Henri"]
[Black "Madaminov, Mukhiddin"]
[WhiteFideId "510394"]
[BlackFideId "14210703"]
[WhiteElo "2210"]
[BlackElo "2106"]
[Result "0-1"]
[Round "08"]
[TimeControl "180+1"]
[Date "2022.09.27"]
[WhiteClock "0:00:02"]
[BlackClock "0:00:16"]

1. d4 Nf6 2. c4 e6 3. Nc3 Bb4 4. e3 O-O 5. Bd3 d5 6. Nf3 c5 7. cxd5 exd5 8. dxc5 Nbd7 9. a3 Bxc3+ 10. bxc3 Nxc5 11. Bc2 b6 12. O-O Ba6 13. Re1 Rc8 14. Bb2 Re8 15. a4 Nce4 16. Bd3 Bxd3 17. Qxd3 Rc4 18. Nd2 Nxd2 19. Qxd2 Qd7 20. Red1 h6 21. a5 b5 22. a6 Re6 23. Ra5 Rb6 24. Qd3 Qc6 25. Rda1 Ne4 26. R5a3 Nc5 27. Qf5 Na4 28. Rb3 Rxa6 29. h3 Rb6 30. Ba3 a5 31. Be7 Rxc3 32. Rxc3 Qxc3 33. Rd1 Nb2 34. Rxd5 Qc1+ 35. Kh2 Qc7+ 36. Qe5 Qxe5+ 37. Rxe5 Nd3 38. Rd5 Nxf2 39. Bd8 Rb7 40. Bxa5 b4 41. Rd2 Ne4 42. Rd4 b3 43. Rd1 Rb5 44. Be1 f5 45. Rb1 Kf7 46. g4 Ke6 47. Kg2 Kd5 48. Kf3 g6 49. Ke2 fxg4 50. hxg4 Nf6 51. Kf3 Ke6 52. Bc3 Nd7 0-1


[Site "https://www.chess.com"]

[Event "Titled Tuesday Blitz September 27 Early 2022"]
[White "Lauridsen, Jesper Morch"]
[Black "Chocenka, Dmitrijus"]
[WhiteFideId "1401890"]
[BlackFideId "12802336"]
[WhiteElo "2245"]
[BlackElo "2194"]
[Result "1-0"]
[Round "08"]
[TimeControl "180+1"]
[Date "2022.09.27"]
[WhiteClock "0:00:05"]
[BlackClock "0:01:00"]

1. d4 Nf6 2. Nf3 g6 3. c4 Bg7 4. Nc3 O-O 5. e4 d6 6. Be2 e5 7. dxe5 dxe5 8. Qxd8 Rxd8 9. Bg5 Re8 10. O-O-O c6 11. Nxe5 Nxe4 12. Nxe4 Bxe5 13. f4 Bg7 14. Bf3 Be6 15. Nd6 Rf8 16. Be7 Na6 17. Bxf8 Kxf8 18. g4 Rb8 19. f5 Bd7 20. Nxf7 Nc5 21. Ng5 gxf5 22. b4 Ne6 23. h4 Nxg5 24. hxg5 fxg4 25. Rxd7 gxf3 26. Rf1 Re8 27. Rxf3+ Kg8 28. Rff7 Bd4 29. Rxb7 Re2 30. Rxh7 Rxa2 31. Rhd7 Be3+ 32. Kb1 Rf2 33. Rb8+ Rf8 34. Rxf8+ Kxf8 35. Rc7 Bxg5 36. Rxc6 Ke8 37. Rc7 Be3 38. c5 Bd2 39. Rxa7 Bxb4 40. c6 Bc5 41. Rd7 Bb6 42. Kc2 Ba5 43. Kd3 Bd8 44. Kc4 Bb6 45. Kb5 Bd8 46. Ka6 Be7 47. Kb7 Bg5 48. c7 Kxd7 49. c8=Q+ Ke7 50. Qf5 Bf6 51. Kc6 Bc3 52. Qe4+ Kf6 53. Qf3+ Ke5 54. Qxc3+ Ke4 55. Qb4+ Kd3 56. Qb5+ 1-0


[Site "https://www.chess.com"]

[Event "Titled Tuesday Blitz September 27 Early 2022"]
[White "Lazavik, Denis"]
[Black "Pultinevicius, Paulius"]
[WhiteFideId "13515110"]
[BlackFideId "12809390"]
[WhiteElo "2437"]
[BlackElo "2472"]
[Result "1-0"]
[Round "08"]
[TimeControl "180+1"]
[Date "2022.09.27"]
[WhiteClock "0:00:09"]
[BlackClock "0:00:02"]

1. d4 d5 2. c4 dxc4 3. Nf3 Nf6 4. e3 e6 5. Bxc4 a6 6. O-O c5 7. b3 b5 8. Be2 Nbd7 9. Bb2 Bb7 10. a4 b4 11. Nbd2 Be7 12. Nc4 O-O 13. Nfe5 Nxe5 14. dxe5 Nd5 15. Qc2 Qc7 16. Rfd1 Rad8 17. Rac1 Rc8 18. Nd6 Bxd6 19. exd6 Qd7 20. e4 Nf4 21. Bc4 f6 22. Qd2 Ng6 23. Qe3 Rc6 24. e5 f5 25. f4 h6 26. Bf1 Kh7 27. Rc4 Rcc8 28. Rdc1 Nh4 29. Rxc5 Rxc5 30. Rxc5 Rc8 31. Qd4 Rc6 32. Qxb4 Qf7 33. Rxc6 Bxc6 34. Qc3 Bd5 35. Qg3 Qa7+ 36. Qf2 Qb7 37. Qxh4 Qxb3 38. Qf2 Qxa4 39. Qd4 Qc6 40. h3 a5 41. Kh2 a4 42. Qc3 Qb6 43. Ba3 Qf2 44. d7 Qxf1 45. Qd2 Bxg2 46. Qxg2 Qxf4+ 47. Kh1 Qd4 48. Bd6 Qa1+ 49. Kh2 a3 50. d8=Q Qd4 51. Qda8 Qf4+ 52. Kh1 Qc1+ 53. Qg1 1-0


[Site "https://www.chess.com"]

[Event "Titled Tuesday Blitz September 27 Early 2022"]
[White "Levitan, Caleb Levi"]
[Black "Aguilar, Juan"]
[WhiteFideId "14332620"]
[BlackFideId "3800091"]
[WhiteElo "1811"]
[BlackElo "2353"]
[Result "1-0"]
[Round "08"]
[TimeControl "180+1"]
[Date "2022.09.27"]
[WhiteClock "0:00:09"]
[BlackClock "0:00:09"]

1. b3 e5 2. Bb2 Nc6 3. g3 Nf6 4. Bg2 d5 5. d3 Be7 6. Nd2 h5 7. h4 Bg4 8. c4 d4 9. Ngf3 O-O 10. O-O a5 11. a3 Qd7 12. Ng5 Rfb8 13. Nde4 Nxe4 14. Nxe4 Ra6 15. Rc1 b5 16. cxb5 Rxb5 17. a4 Rb8 18. Nc5 Bxc5 19. Rxc5 Be6 20. Bxc6 Rxc6 21. Rxe5 Rxb3 22. Bc1 Rb1 23. Qd2 Bh3 24. Re1 Be6 25. Rxh5 Qd6 26. Rxa5 Bd5 27. Qg5 Rc5 28. Ra8+ 1-0


[Site "https://www.chess.com"]

[Event "Titled Tuesday Blitz September 27 Early 2022"]
[White "Lohani, Sujana"]
[Black "Lakshmi C"]
[WhiteFideId "12311987"]
[BlackFideId "25035347"]
[WhiteElo "1691"]
[BlackElo "1775"]
[Result "1-0"]
[Round "08"]
[TimeControl "180+1"]
[Date "2022.09.27"]
[WhiteClock "0:02:10"]
[BlackClock "0:00:48"]

1. d4 Nf6 2. Bf4 d5 3. e3 e6 4. c3 Bd6 5. Bxd6 cxd6 6. Nd2 O-O 7. f4 Ne4 8. Bd3 Qh4+ 9. g3 Nxg3 10. hxg3 Qxh1 11. Nf3 f6 12. Qe2 Qh5 13. O-O-O Qe8 14. Qh2 f5 15. g4 Nc6 16. Ne2 1-0


[Site "https://www.chess.com"]

[Event "Titled Tuesday Blitz September 27 Early 2022"]
[White "Lorenzo De La Riva, Lazaro"]
[Black "Harsh Suresh"]
[WhiteFideId "2268809"]
[BlackFideId "45018464"]
[WhiteElo "2325"]
[BlackElo "2070"]
[Result "0-1"]
[Round "08"]
[TimeControl "180+1"]
[Date "2022.09.27"]
[WhiteClock "0:00:16"]
[BlackClock "0:01:36"]

1. e4 c6 2. d4 d5 3. e5 Bf5 4. h4 h5 5. Bd3 Bxd3 6. Qxd3 Qa5+ 7. Nc3 e6 8. Nf3 Qa6 9. Qxa6 Nxa6 10. a3 Ne7 11. Bg5 Nf5 12. O-O Nc7 13. a4 a5 14. Kh2 c5 15. dxc5 Bxc5 16. g3 O-O 17. Kg2 Rfc8 18. Ne1 Bb4 19. Ne2 Bxe1 20. Rfxe1 b5 21. axb5 Nxb5 22. c3 a4 23. f3 f6 24. exf6 gxf6 25. Bxf6 Ne3+ 26. Kf2 Nc2 27. Nf4 Nxa1 28. Rxa1 Kf7 29. Be5 a3 30. bxa3 Nxa3 31. Nxh5 Nc4 32. Re1 Ra2+ 33. Kf1 Nxe5 34. Rxe5 Rxc3 35. Re1 Rxf3+ 36. Kg1 d4 37. g4 d3 38. g5 Re2 39. g6+ Kxg6 40. Rd1 Kxh5 41. Ra1 d2 42. Ra5+ Kh6 43. Ra1 Re1+ 44. Kg2 Rxa1 45. h5 d1=Q 46. Kh2 Qh1# 0-1


[Site "https://www.chess.com"]

[Event "Titled Tuesday Blitz September 27 Early 2022"]
[White "Luxama, Jacques Muller"]
[Black "Yang, Ray"]
[WhiteFideId "11900113"]
[BlackFideId "3220281"]
[WhiteElo "1931"]
[BlackElo "1796"]
[Result "1/2-1/2"]
[Round "08"]
[TimeControl "180+1"]
[Date "2022.09.27"]
[WhiteClock "0:00:16"]
[BlackClock "0:00:17"]

1. e4 e6 2. Qe2 d5 3. d3 Nf6 4. Nf3 c5 5. g3 Nc6 6. Bg2 d4 7. O-O e5 8. c3 Bd6 9. a4 O-O 10. Na3 Bc7 11. Nc4 b6 12. h4 Ba6 13. Rd1 Qe7 14. cxd4 cxd4 15. Bd2 Rac8 16. Rdc1 Bb8 17. Ne1 Nd7 18. f4 Nc5 19. Ra3 Bxc4 20. Rxc4 Bd6 21. Ra1 Nb3 22. Rd1 Nxd2 23. Qxd2 Na5 24. Rxc8 Rxc8 25. fxe5 Qxe5 26. Rc1 Rxc1 27. Qxc1 Qxg3 28. Nf3 g6 29. Qc8+ Kg7 30. Qd7 Nb3 31. e5 Bxe5 32. Nxe5 Qxe5 33. Qxa7 Nd2 34. Qxb6 Qe1+ 35. Kh2 Qxh4+ 36. Kg1 Qe1+ 37. Kh2 Nf1+ 38. Bxf1 Qxf1 39. Qxd4+ Kg8 40. Qd8+ Kg7 41. Qd4+ Kh6 42. Qh4+ Kg7 43. Qd4+ 1/2-1/2


[Site "https://www.chess.com"]

[Event "Titled Tuesday Blitz September 27 Early 2022"]
[White "Makhnev, Denis"]
[Black "Mahdavi, Reza"]
[WhiteFideId "13707647"]
[BlackFideId "12595926"]
[WhiteElo "2486"]
[BlackElo "2240"]
[Result "0-1"]
[Round "08"]
[TimeControl "180+1"]
[Date "2022.09.27"]
[WhiteClock "0:00:03"]
[BlackClock "0:00:20"]

1. d4 Nf6 2. c4 g6 3. g3 Bg7 4. Bg2 d6 5. Nc3 O-O 6. Nf3 c5 7. d5 e6 8. O-O exd5 9. cxd5 a6 10. a4 Re8 11. Bf4 Qc7 12. Rc1 Nbd7 13. h3 b6 14. Re1 Bb7 15. e4 h6 16. b4 Nh5 17. Bd2 Re7 18. a5 bxa5 19. bxc5 Nxc5 20. Na4 Rae8 21. Nxc5 dxc5 22. Qa4 Nf6 23. Bxa5 Qb8 24. Rb1 Qa8 25. d6 Rxe4 26. Rxe4 Bxe4 27. Re1 Bc6 28. Qd1 Rxe1+ 29. Nxe1 Bxg2 30. Nxg2 Nd7 31. Ne3 Bd4 32. Nc2 Qd5 33. Nxd4 cxd4 34. Bc7 d3 35. Qd2 Ne5 36. Qb4 d2 37. Qb8+ Kh7 38. Kh2 d1=Q 39. Qb1 Q5h1# 0-1


[Site "https://www.chess.com"]

[Event "Titled Tuesday Blitz September 27 Early 2022"]
[White "Malyi, Viacheslav"]
[Black "Kukula, Pawel"]
[WhiteFideId "14123983"]
[BlackFideId "1115081"]
[WhiteElo "2190"]
[BlackElo "2062"]
[Result "1-0"]
[Round "08"]
[TimeControl "180+1"]
[Date "2022.09.27"]
[WhiteClock "0:00:14"]
[BlackClock "0:00:04"]

1. e4 c5 2. Nf3 d6 3. d4 Nf6 4. Nc3 cxd4 5. Nxd4 Nc6 6. Rg1 g6 7. g4 Bg7 8. Be3 O-O 9. g5 Nd7 10. Qd2 Nde5 11. Be2 Nxd4 12. Bxd4 Be6 13. O-O-O Qa5 14. Kb1 Rfc8 15. a3 Bc4 16. Bxe5 Qxe5 17. f4 Qc5 18. Nd5 Bxd5 19. exd5 Qb6 20. Qb4 Qf2 21. Bd3 a5 22. Qb3 b5 23. Bxb5 a4 24. Qd3 Rab8 25. Rgf1 Qxh2 26. Rd2 Qh4 27. c4 Qg4 28. Qf3 Qf5+ 29. Qd3 Qg4 30. Qf3 Qf5+ 31. Qd3 Qxd3+ 32. Rxd3 Bxb2 33. Ka2 Bg7 34. f5 Rxc4 35. f6 Rxb5 36. fxg7 Rc2+ 37. Ka1 Kxg7 38. Rdf3 f5 39. gxf6+ exf6 40. Rxf6 Rc1+ 41. Ka2 Rxf1 42. Rxf1 Rxd5 43. Kb2 1-0


[Site "https://www.chess.com"]

[Event "Titled Tuesday Blitz September 27 Early 2022"]
[White "Martin Duque, Jesus"]
[Black "Samunenkov, Ihor"]
[WhiteFideId "2208954"]
[BlackFideId "14187086"]
[WhiteElo "2258"]
[BlackElo "2441"]
[Result "0-1"]
[Round "08"]
[TimeControl "180+1"]
[Date "2022.09.27"]
[WhiteClock "0:00:01"]
[BlackClock "0:00:24"]

1. Nf3 Nf6 2. b3 d5 3. Bb2 Bf5 4. g3 e6 5. Bg2 h6 6. O-O c6 7. d3 Be7 8. Nbd2 O-O 9. Re1 a5 10. a4 Na6 11. e4 dxe4 12. dxe4 Bh7 13. Nd4 Nc5 14. Qe2 Qc7 15. e5 Nd5 16. Ne4 Qxe5 17. Nxc6 Qxb2 18. Nxe7+ Nxe7 19. Nxc5 Rac8 20. Nxb7 Rxc2 21. Qe5 Rxf2 22. Qxb2 Rxb2 23. Nxa5 Nd5 24. Bxd5 exd5 25. Rf1 Ra8 26. Rac1 Be4 27. Rf2 Rxf2 28. Kxf2 Rxa5 29. Ke3 Kf8 30. Kd4 Ke7 31. Rc7+ Ke6 32. Rb7 Ra6 33. Rb8 f5 34. h4 g5 35. h5 f4 36. g4 f3 37. Ke3 Ke5 38. Re8+ Re6 39. Rf8 d4+ 40. Kd2 Rf6 41. Re8+ Kf4 42. Ke1 Ke3 43. Kf1 d3 44. Re6 Rxe6 0-1


[Site "https://www.chess.com"]

[Event "Titled Tuesday Blitz September 27 Early 2022"]
[White "Martin, Lewis"]
[Black "Antonova, Nadezhda"]
[WhiteFideId "410551"]
[BlackFideId "14700182"]
[WhiteElo "2145"]
[BlackElo "1805"]
[Result "1-0"]
[Round "08"]
[TimeControl "180+1"]
[Date "2022.09.27"]
[WhiteClock "0:00:02"]
[BlackClock "0:00:01"]

1. e4 c5 2. Nf3 d6 3. d4 cxd4 4. Nxd4 Nf6 5. Nc3 a6 6. Bg5 Nbd7 7. Qe2 h6 8. Bh4 e6 9. f4 Be7 10. O-O-O O-O 11. g4 Nh7 12. Bxe7 Qxe7 13. h4 b5 14. g5 Bb7 15. Bg2 b4 16. Na4 Rac8 17. b3 Nc5 18. Nxc5 dxc5 19. Nf3 c4 20. Ne5 cxb3 21. axb3 Qc7 22. Rh3 Rfd8 23. Rhd3 Rxd3 24. Rxd3 hxg5 25. hxg5 Nf8 26. Qd2 Qa5 27. Kb1 Qc7 28. Nc4 a5 29. Nd6 Rb8 30. Nxb7 Rxb7 31. e5 Rb8 32. Be4 g6 33. Rd6 a4 34. Qd4 a3 35. Rc6 Qd8 36. Qxd8 Rxd8 37. Rc4 Rb8 38. Rc7 Rd8 39. Bd3 Nd7 40. Rb7 Nc5 41. Rxb4 Nxd3 42. cxd3 Rxd3 43. Ka2 Rd1 44. Kxa3 Ra1+ 45. Kb2 Rg1 46. Rc4 Rg2+ 47. Kc3 Kf8 48. Rd4 Ke7 49. b4 Rg1 50. Kc4 Rc1+ 51. Kb5 Rc8 52. Ka5 Ra8+ 53. Kb5 Rb8+ 54. Kc4 Rc8+ 55. Kb3 Ra8 56. b5 Rb8 57. Kb4 Rc8 58. Rd6 Rc1 59. b6 Rb1+ 60. Kc5 Rc1+ 61. Kb5 Rb1+ 62. Kc6 Rc1+ 63. Kb7 Rb1 64. Rc6 Rb4 65. Rc7+ Ke8 66. Kc6 Rxf4 67. b7 Rb4 68. Rc8+ Ke7 69. b8=Q Rxb8 70. Rxb8 1-0


[Site "https://www.chess.com"]

[Event "Titled Tuesday Blitz September 27 Early 2022"]
[White "Martinez Alcantara, Jose Eduardo"]
[Black "Vogel, Roven"]
[WhiteFideId "3805662"]
[BlackFideId "12908088"]
[WhiteElo "2703"]
[BlackElo "2501"]
[Result "1-0"]
[Round "08"]
[TimeControl "180+1"]
[Date "2022.09.27"]
[WhiteClock "0:01:25"]
[BlackClock "0:00:19"]

1. e4 e5 2. Nf3 Nc6 3. Bb5 a6 4. Ba4 Nf6 5. O-O Be7 6. d3 b5 7. Bb3 d6 8. a4 Bd7 9. c3 O-O 10. Bc2 h6 11. Re1 Re8 12. Nbd2 Bf8 13. Nf1 Ne7 14. Ng3 Ng6 15. h3 c5 16. d4 cxd4 17. cxd4 Qc7 18. Be3 Qb7 19. a5 Rad8 20. d5 Rc8 21. Bd3 Nf4 22. Bf1 g6 23. Qd2 Bg7 24. Rac1 Rxc1 25. Rxc1 Rc8 26. Bxf4 Rxc1 27. Qxc1 exf4 28. Qxf4 Qc7 29. Qd2 Bc8 30. Nd4 Bb7 31. Bd3 Nd7 32. Nge2 Ne5 33. b4 Bc8 34. f4 Nc4 35. Qc3 Bd7 36. Kf2 f5 37. exf5 gxf5 38. Bxc4 bxc4 39. Qe3 Qb7 40. Qe7 Bf8 41. Qd8 c3 42. Ne6 Bxe6 43. dxe6 c2 44. Qd7 Qe4 45. Qf7+ 1-0


[Site "https://www.chess.com"]

[Event "Titled Tuesday Blitz September 27 Early 2022"]
[White "Matinian, Nikita"]
[Black "Tasev, Dejan"]
[WhiteFideId "24129100"]
[BlackFideId "936618"]
[WhiteElo "2422"]
[BlackElo "2256"]
[Result "1-0"]
[Round "08"]
[TimeControl "180+1"]
[Date "2022.09.27"]
[WhiteClock "0:01:28"]
[BlackClock "0:01:28"]

1. e4 c6 2. Nc3 d5 3. Nf3 Bg4 4. h3 Bxf3 5. Qxf3 e6 6. d4 Nf6 7. Be2 Be7 8. e5 Nfd7 9. Qg3 g6 10. Bh6 a6 11. O-O-O b5 12. h4 Nb6 13. h5 b4 14. Nb1 N8d7 15. hxg6 hxg6 16. Bd2 Rxh1 17. Rxh1 Nf8 18. a3 a5 19. Rh8 Qc7 20. axb4 axb4 21. Qb3 c5 22. Bb5+ Kd8 23. Bh6 c4 24. Qf3 Nd7 25. Qxf7 c3 26. Bxf8 cxb2+ 27. Kd1 1-0


[Site "https://www.chess.com"]

[Event "Titled Tuesday Blitz September 27 Early 2022"]
[White "Matt, Fabian"]
[Black "Amgalantengis, Enkh-Amgalan"]
[WhiteFideId "1623303"]
[BlackFideId "4903536"]
[WhiteElo "2287"]
[BlackElo "1719"]
[Result "1-0"]
[Round "08"]
[TimeControl "180+1"]
[Date "2022.09.27"]
[WhiteClock "0:00:08"]
[BlackClock "0:00:15"]

1. d4 Nf6 2. c4 g6 3. Nf3 Bg7 4. Nc3 O-O 5. e4 c5 6. h3 cxd4 7. Nxd4 Nc6 8. Be3 d6 9. Qd2 Bd7 10. Be2 Nxd4 11. Bxd4 Bc6 12. Nd5 Bxd5 13. exd5 Nd7 14. Bxg7 Kxg7 15. O-O Qb6 16. b3 a5 17. Bg4 Nf6 18. Rfe1 Rfe8 19. Rab1 Qc5 20. Qc3 Kg8 21. Re2 Nxd5 22. Qe1 Nf6 23. Rxe7 Kg7 24. Bf3 d5 25. Rxe8 Rxe8 26. Qc1 d4 27. Bxb7 Re2 28. Rb2 d3 29. Rxe2 dxe2 30. Bf3 Qa3 31. Qxa3 e1=Q+ 32. Kh2 Qxf2 33. Qxa5 Qd4 34. Qc7 g5 35. c5 h5 36. Qd6 Qc3 37. c6 g4 38. hxg4 hxg4 39. Qg3 Kf8 40. Bxg4 Qxc6 41. Bf3 Qc3 42. Qd6+ Kg7 43. b4 Qc4 44. Qg3+ Kf8 45. Qe1 Nd7 46. a4 Qf4+ 47. Kh1 Ne5 48. Qe4 Qc1+ 49. Kh2 Qc7 50. Kg1 Nc4 51. Qc6 Qa7+ 52. Kh1 Nb6 53. Qc5+ Kg7 54. a5 Qb8 55. Qxb6 Qg3 56. Qd4+ Kg8 57. Qe4 f5 58. Qe6+ Kh8 59. Qxf5 Qe1+ 60. Kh2 Kg7 61. Qg4+ Kh8 62. Qh3+ Kg7 63. Qg3+ Kh8 64. Qxe1 Kh7 65. Qe7+ Kh6 66. Qf6+ Kh7 67. Be4+ Kg8 68. Qg6+ Kf8 69. Qh7 Ke8 70. Bf5 Kf8 71. Be6 Ke8 72. Qf7+ Kd8 73. Qd7# 1-0


[Site "https://www.chess.com"]

[Event "Titled Tuesday Blitz September 27 Early 2022"]
[White "Matveeva, Olga"]
[Black "Ravi, Thandalam Shanmugam"]
[WhiteFideId "24107018"]
[BlackFideId "5000238"]
[WhiteElo "2056"]
[BlackElo "2063"]
[Result "0-1"]
[Round "08"]
[TimeControl "180+1"]
[Date "2022.09.27"]
[WhiteClock "0:00:04"]
[BlackClock "0:00:24"]

1. d4 Nf6 2. c4 e6 3. g3 d5 4. Nf3 dxc4 5. Bg2 a6 6. O-O Nc6 7. e3 Rb8 8. Nfd2 e5 9. Bxc6+ bxc6 10. dxe5 Ng4 11. Nxc4 Be6 12. Nbd2 Bb4 13. Qc2 h5 14. a3 h4 15. axb4 hxg3 16. hxg3 Qg5 17. Nd6+ cxd6 18. Qxc6+ Bd7 19. Qxd6 Rc8 20. Nf3 Qh5 21. Nh4 g5 22. Rd1 Rd8 23. Rxa6 gxh4 24. e6 fxe6 25. Ra8 Rxa8 26. Qxd7+ Kf8 27. Qd6+ Kg7 28. Qe7+ Kg6 29. Qxe6+ Nf6 30. Rd6 Raf8 31. Qe4+ Kg7 32. Qe7+ Rf7 33. Qe6 hxg3 0-1


[Site "https://www.chess.com"]

[Event "Titled Tuesday Blitz September 27 Early 2022"]
[White "Melikhov, Evgeny V."]
[Black "Fiorito, Francisco"]
[WhiteFideId "4122046"]
[BlackFideId "180165"]
[WhiteElo "1963"]
[BlackElo "1787"]
[Result "1-0"]
[Round "08"]
[TimeControl "180+1"]
[Date "2022.09.27"]
[WhiteClock "0:00:10"]
[BlackClock "0:00:04"]

1. d4 d5 2. c4 dxc4 3. Nf3 Nf6 4. e3 e6 5. Bxc4 c5 6. O-O a6 7. a4 Nc6 8. Qe2 Qc7 9. Nc3 Bd6 10. h3 O-O 11. Rd1 b6 12. d5 exd5 13. Nxd5 Nxd5 14. Bxd5 Bb7 15. e4 Rae8 16. Be3 Bf4 17. Bxf4 Qxf4 18. Qd2 Qc7 19. Qc3 Nb4 20. Bxb7 Qxb7 21. e5 h6 22. a5 Re6 23. axb6 Qxb6 24. Rd2 Rc8 25. Rad1 Rg6 26. Rd6 Rxd6 27. exd6 Rd8 28. Qe5 Qc6 29. Qe7 Qd7 30. Qxd7 Rxd7 31. Ne5 Rd8 32. d7 f6 33. Nc4 Kf7 34. Nb6 Ke7 35. Nc8+ Kf7 36. Nb6 Ke6 37. g4 Nc6 38. Rd5 c4 39. Rc5 Ne5 40. Nxc4 Nxd7 41. Ra5 Ra8 42. f4 Ra7 43. f5+ Ke7 44. Kf2 Rc7 45. b3 Nc5 46. Ra3 Ne4+ 47. Ke3 Nc5 48. Kd4 Kd7 49. b4 Nb7 50. Rxa6 Kc8 51. Ra8+ Kd7 52. Nb6+ Kc6 53. Nc4 Rd7+ 54. Kc3 Re7 55. Ra6+ Kc7 56. Re6 Rxe6 57. fxe6 Kd8 58. Kd4 Ke7 59. Kd5 Nd8 60. Na5 Nxe6 61. Nc6+ Kd7 62. Nb8+ Ke7 63. Nc6+ Kd7 64. Nb8+ Ke7 65. b5 Nd8 66. Nc6+ Nxc6 67. Kxc6 g6 68. b6 f5 69. b7 1-0


[Site "https://www.chess.com"]